 Dungeon Crawl Stone Soup version 0.30.1-11-g7821555f0a (webtiles) character file.

Game seed: 5277180500138036132

26 monsoonserge the Conjurer (level 3, 0/16 (21) HPs)
             Began as a Tengu Reaver on Jan 12, 2024.
             Slain by Crazy Yiuf
             ... wielding a +4 quarterstaff of chaos
              (2 damage)
             ... on level 2 of the Dungeon.
             The game lasted 00:02:32 (839 turns).

monsoonserge the Conjurer (Tengu Reaver)             Turns: 839, Time: 00:02:32

HP:   0/16 (21)     AC:  4    Str: 12    XL:     3   Next: 8%
MP:   6/7           EV: 12    Int: 15    God:
Gold: 93            SH:  0    Dex: 12    Spells: 5/6 levels left

rFire   . . .        a - +0 mace
rCold   . . .        (no shield)
rNeg    . . .        b - +0 leather armour
rPois   .            (helmet restricted)
rElec   .            j - +0 cloak
rCorr   .            (no gloves)
SInv    .            (boots unavailable)
Will    .....        (no amulet)
Stlth   +            (no ring)
HPRegen 0.22/turn    (no ring)
MPRegen 0.10/turn

%: no passive effects
@: heavily drained
A: beak, talons 3
a: no special abilities


You were on level 2 of the Dungeon.
You visited 1 branch of the dungeon, and saw 2 of its levels.

You collected 93 gold pieces.

Inventory:

Hand Weapons
 a - a +0 mace (weapon)
Armour
 b - a +0 leather armour (worn)
 j - a +0 cloak (worn)
Scrolls
 e - a scroll of poison {unknown}
 f - a scroll of fog {unknown}
 g - 2 scrolls of noise {unknown}
 i - a scroll of torment {unknown}
 k - 2 scrolls of identify {unknown}
 l - a scroll of blinking {unknown}
Potions
 c - a potion of heal wounds {unknown}
 d - a potion of haste {unknown}
 h - a potion of might {unknown}


   Skills:
 + Level 2.2 Fighting
 + Level 3.7 Maces & Flails
 + Level 0.1 Armour
 + Level 2.4 Dodging
 + Level 2.0 Spellcasting
 + Level 4.4 Conjurations
 - Level 1.0 Necromancy


You had 5 spell levels left.
You knew the following spells:

 Your Spells              Type           Power      Damage    Failure   Level
a - Kiss of Death         Conj/Necr      36%        2d8       10%         1

Your spell library contained the following spells:

 Spells                   Type           Power      Damage    Failure   Level
 Momentum Strike          Conj/Tloc      16%        3d8       17%         2
 Beastly Appendage        Tmut           2%         N/A       28%         1
 Hailstorm                Conj/Ice       8%         3d4       34%         3
 Wereblood                Tmut           1%         N/A       38%         2
 Spider Form              Tmut/Pois      1%         N/A       63%         3


Dungeon Overview and Level Annotations

Branches:
Dungeon (2/15)

Altars:
Uskayaw

Annotations:
D:2 Crazy Yiuf


Innate Abilities, Weirdness & Mutations

You have a beak for a mouth.
You have claws for feet.


Message History

The ball python hisses angrily.
k - 2 scrolls labelled MIACRO RASMI (gained 1)
There are no items here.
You hit the ball python.
You kill the ball python!
You see here a ball python corpse.
A hobgoblin comes into view.
You barely miss the hobgoblin. Your kick misses the hobgoblin.
Your peck misses the hobgoblin. The hobgoblin misses you.
The hobgoblin hits you.
You closely miss the hobgoblin.
You peck the hobgoblin, but do no damage.
The hobgoblin hits you.
You closely miss the hobgoblin. You claw the hobgoblin.
The hobgoblin is almost dead.
The hobgoblin misses you.
You hit the hobgoblin.
You kill the hobgoblin!
You see here a hobgoblin corpse.
Found a hammer.
Found a runed translucent door.
Crazy Yiuf shouts!
Crazy Yiuf whimpers, "Hack!
Paint mobile wrapper."
Press: ? - help, v - describe, . - travel
Here: Crazy Yiuf, wielding a +4 quarterstaff of chaos and wearing a +0 cloak (fire blocked by a runed translucent door)
The floor.
You open the door.
Crazy Yiuf cries, "Paint head blue!"
Casting: Kiss of Death (safe; 10% risk of failure)
Confirm with . or Enter, or press ? or * to list all spells.
Aiming: Kiss of Death (safe; 10% risk of failure)
Press: ? - help, Shift-Dir - straight line, f - Crazy Yiuf
Aim: Crazy Yiuf, wielding a +4 quarterstaff of chaos and wearing a +0 cloak (100% to hit)
The negative energy hits Crazy Yiuf!
Crazy Yiuf is drained!
Crazy Yiuf is severely wounded.
You feel drained.
Crazy Yiuf hits you with a +4 quarterstaff of chaos!
Ouch! That really hurt!
* * * LOW HITPOINT WARNING * * *
You feel drained.
You die...

## .# †# ##♣♣♣♣♣
.########...♣.♣♣♣ ###
..........P..♣..♣#...#
............♣♣♣♣@g...#
#.......#.P♣♣ ♣♣#..)#
#.......##♣♣ ###
#.......# #...†...#
........#####
............#
............#
............#


You could see Crazy Yiuf (very drained).

Vanquished Creatures
  A dart slug (D:1)
  3 endoplasms
  A giant cockroach (D:1)
  2 goblins
  2 hobgoblins
  A quokka (D:1)
  4 ball pythons
  2 frilled lizards (D:1)
  5 kobolds
  3 rats (D:1)
24 creatures vanquished.

Notes
Turn   | Place    | Note
-------+----------+-------------------------------------------
     0 | D:1      | monsoonserge the Tengu Reaver began the quest for the Orb.
     0 | D:1      | Reached XP level 1. HP: 12/12 MP: 4/4
    27 | D:1      | Found a faded altar of an unknown god.
   147 | D:1      | Reached XP level 2. HP: 11/17 MP: 6/6
   492 | D:1      | Reached skill level 1 in Necromancy
   734 | D:2      | Found a hide-covered altar of Uskayaw.
   771 | D:2      | Reached XP level 3. HP: 19/21 MP: 7/7
   834 | D:2      | Found a runed translucent door.
   835 | D:2      | Noticed Crazy Yiuf
   839 | D:2      | Slain by Crazy Yiuf

Illustrated notes

Levels and vault maps discovered:
D:1:      minmay_arrival_stair_chambers, layout_rooms, serial_co_window_serial,
          co_window_paths_a, co_window_corner_a, co_window_paths_a,
          co_window_corner_a, co_window_paths_b, co_window_of_opportunity_a,
          co_window_corner_a, co_window_corner_b, co_window_broadway_b,
          co_window_broadway_c, ebering_ecumenical_altar_hall
D:2:      layout_basic, basic_altar, uniq_crazy_yiuf_cottage

Skill      XL: |  1  2 |
---------------+-------+-----
Necromancy     | 1 |  1.0
Fighting       | |  2.2
Maces & Flails | |  3.7
Armour         | |  0.1
Dodging        | |  2.4
Spellcasting   | |  2.0
Conjurations   | |  4.4

Action                     || total
---------------------------++-------
  Melee: Mace              ||    41
         Kick              ||     5
         Peck              ||     3
   Cast: Kiss of Death     ||     1
 Armour: Leather armour    ||     5
  Dodge: Dodged            ||    21
